 Dungeon Crawl Stone Soup version 0.26.0-16-gc1dbca0489 (webtiles) character file.

Game seed: 12527214087317834700

1507 zcampers the Cleaver (level 8, -2/70 HPs)
             Began as a Minotaur Berserker on Jan 19, 2021.
             Was an Elder of Trog.
             Slain by an orc warrior
             ... wielding a +0 trident
              (9 damage)
             ... on level 6 of the Dungeon.
             The game lasted 00:20:30 (6364 turns).

zcampers the Cleaver (Minotaur Berserker)           Turns: 6364, Time: 00:20:30

Health: -2/70      AC: 11    Str: 23    XL:     8   Next: 52%
Magic:  7/7        EV: 11    Int:  4    God:    Trog [****..]
Gold:   571        SH:  3    Dex: 11    Spells: 7/7 levels left

rFire    + . .     SeeInvis .   o - +0 war axe (freeze)
rCold    . . .     Faith    .   h - +0 buckler (curse)
rNeg     . . .     Spirit   .   k - +3 scale mail
rPois    .         Reflect  .   (helmet restricted)
rElec    .         Harm     .   (no cloak)
rCorr    .         Rampage  .   (no gloves)
Will     .....                  i - +0 pair of boots
Stlth    ..........             (no amulet)
HPRegen  0.21/turn              g - ring of protection from fire
MPRegen  0.10/turn              (no ring)

@: berserk cooldown, slowed, very slow
A: retaliatory headbutt, horns 2
a: Renounce Religion, Berserk, Trog's Hand, Brothers in Arms


You were on level 6 of the Dungeon.
You worshipped Trog.
Trog was greatly pleased with you.
You visited 2 branches of the dungeon, and saw 7 of its levels.
You also visited: Ossuary.

You collected 571 gold pieces.

Inventory:

Hand Weapons
 a - a +0 hand axe
 n - a +0 whip of venom
 o - a +0 war axe of freezing (weapon)
Missiles
 e - 6 atropa-tipped darts (quivered)
 l - 6 poisoned darts
Armour
 h - a cursed +0 buckler (worn)
 i - a +0 pair of boots (worn)
 k - a +3 scale mail (worn)
Jewellery
 g - a ring of protection from fire (left hand)
 t - a +6 ring of dexterity {unknown}
Wands
 b - a wand of random effects (19)
Scrolls
 f - 5 scrolls of remove curse
 j - 5 scrolls of identify
 p - a scroll of fog
 q - 2 scrolls of teleportation
Potions
 c - 4 potions of haste
 d - 2 potions of invisibility
 m - a potion of ambrosia {unknown}
 r - a potion of flight
 s - 4 potions of heal wounds
 u - 2 potions of curing


   Skills:
 + Level 6.1 Fighting
 + Level 8.7 Axes
 - Level 0.4(5.4) Maces & Flails
 + Level 1.5 Throwing
 + Level 5.4 Armour
 + Level 4.1 Dodging
 + Level 0.6 Stealth
 + Level 1.2 Shields
 * Level 3.6 Evocations


You had 7 spell levels left.
You didn't know any spells.
Your spell library was empty.

Dungeon Overview and Level Annotations

Branches:
Dungeon (6/15)             Temple (1/1) D:5         Ossuary (visited)

Altars:
Ashenzari
Cheibriados
Dithmenos
Elyvilon
Fedhas
Gozag
Hepliaklqana
Kikubaaqudgha
Makhleb
Nemelex Xobeh
Okawaru
Qazlal
Ru
Sif Muna
Trog
Uskayaw
Vehumet
Wu Jian
Xom
Yredelemnul
Zin
The Shining One


Innate Abilities, Weirdness & Mutations

You reflexively headbutt those who attack you in melee.
You have a pair of horns on your head.


Message History

You kill the gnoll!
Trog accepts your kill. The gnoll closely misses you. You furiously retaliate!
You headbutt the gnoll!!
You kill the gnoll!
Trog accepts your kill.
Items here: )) [ †.
You feel a strong urge to attack something.
You are no longer berserk.
You are exhausted.
You feel yourself slow down. The orc completely misses you.
You see here a +0 spear.
You slash the orc! You freeze the orc.
You kill the orc!
Trog accepts your kill.
The orc warrior hits you from afar with a +0 trident!
* * * LOW HITPOINT WARNING * * *
The black bear bites you but does no damage.
The black bear closely misses you. The black bear barely misses you.
The orc warrior hits you from afar with a +0 trident!
You die...

# .# ..# ##########
...# #........# ....#
##........#######.....#
#........)..)o)@h.....'
#.........)######.....#
#..........# .....
#..........# ####
#..........#
#.########.# ##.### #.#
. .....# #.. ...
##.#.##############....


You could see an orc warrior and a black bear.

Vanquished Creatures
  Eustachio (D:4)
  Edmund (D:4)
  A sky beast (D:5)
  An ice beast (D:5)
  A scorpion (D:5)
  2 orc priests
  2 hounds
  A gnoll shaman (D:4)
  A centaur skeleton (D:4)
  Ijyb (D:3)
  An iguana (D:5)
  2 worker ants (D:6)
  5 orc wizards
  Natasha (D:4)
  2 big kobold zombies (Ossuary)
  A hound skeleton (D:4)
  8 mummies (Ossuary)
  A howler monkey zombie (D:5)
  Robin (D:4)
  5 adders
  17 gnolls
  A shadow imp (D:5)
  A white imp (D:5)
  2 adder zombies
  2 oozes
  2 worms (D:2)
  4 dart slugs
  7 leopard geckos
  21 orcs
  6 giant cockroaches
  A gnoll zombie (Ossuary)
  11 goblins
  9 hobgoblins
  2 jackals (D:2)
  10 kobolds
  2 quokkas
  7 bats
  7 frilled lizards
  2 hobgoblin zombies (Ossuary)
  2 kobold zombies (Ossuary)
  A leopard gecko skeleton (D:4)
  An orc zombie (Ossuary)
  6 rats
163 creatures vanquished.

Notes
Turn   | Place    | Note
-------+----------+-------------------------------------------
     0 | D:1      | zcampers the Minotaur Berserker began the quest for the
                  | Orb.
     0 | D:1      | Reached XP level 1. HP: 19/19 MP: 0/0
    74 | D:1      | Reached skill level 4 in Axes
    74 | D:1      | Reached XP level 2. HP: 18/27 MP: 1/1
   681 | D:1      | Reached XP level 3. HP: 27/33 MP: 2/2
  1088 | D:2      | Reached ** piety under Trog
  1706 | D:2      | Reached XP level 4. HP: 41/41 MP: 3/3
  1971 | D:3      | Reached skill level 5 in Axes
  1975 | D:3      | Noticed Ijyb
  1999 | D:2      | Reached XP level 5. HP: 22/47 MP: 4/4
  2204 | D:3      | Killed Ijyb
  2426 | D:3      | Reached *** piety under Trog
  2444 | D:3      | Reached skill level 6 in Axes
  3092 | D:4      | Reached XP level 6. HP: 52/55 MP: 5/5
  3439 | D:4      | Found a sand-covered staircase.
  3445 | Ossuary  | Entered an ossuary
  3478 | Ossuary  | Reached skill level 1 in Evocations
  3489 | Ossuary  | Reached skill level 5 in Fighting
  3505 | Ossuary  | Reached **** piety under Trog
  3694 | D:4      | Noticed Edmund
  3724 | D:4      | Killed Edmund
  3725 | D:4      | Reached skill level 7 in Axes
  3725 | D:4      | Reached XP level 7. HP: 61/61 MP: 6/6
  3858 | D:4      | Noticed Eustachio
  3890 | D:4      | Killed Eustachio
  4043 | D:4      | Reached skill level 1 in Throwing
  4153 | D:5      | Entered Level 5 of the Dungeon
  4493 | D:4      | Noticed Natasha
  4501 | D:4      | Killed Natasha
  4561 | D:4      | Identified the cursed +0 helmet of the Thoughtful Violins
                  | {rN+ Str+4}
  4561 | D:4      | Noticed Robin
  4572 | D:4      | Killed Robin
  5005 | D:5      | Reached XP level 8. HP: 41/70 MP: 7/7
  5188 | D:5      | Reached skill level 8 in Axes
  5423 | D:5      | Reached skill level 5 in Armour
  5517 | D:5      | Reached skill level 1 in Shields
  5787 | D:5      | Found an ancient bone altar of Kikubaaqudgha.
  5832 | D:5      | Found a staircase to the Ecumenical Temple.
  5841 | Temple   | Entered the Ecumenical Temple
  6364 | D:6      | Slain by an orc warrior

Illustrated notes

Levels and vault maps discovered:
D:1:      mrwooster_arrival_statue_2, layout_loops_ring
D:2:      kennysheep_six_static_rooms, layout_basic
D:3:      layout_rooms, uniq_ijyb
D:4:      layout_basic, nicolae_ossuary_entry_plus, uniq_edmund, uniq_eustachio,
          uniq_natasha, uniq_robin
D:5:      layout_basic, kennysheep_mini_moat, temple_statues
D:6:      layout_basic
Temple:   compressed_dpeg_triangle_lava_temple

Skill      XL: |  1  2  3  4  5  6  7  8 |
---------------+-------------------------+-----
Axes           | 4 5 6 7 8 |  8.7
Fighting       | 4 5 6 |  6.1
Armour         | 3 4 5 |  5.4
Dodging        | 3 4 |  4.1
Evocations     | 1 2 3 |  3.6
Throwing       | 1 |  1.5
Shields        | 1 |  1.2
Maces & Flails | |  0.4
Stealth        | |  0.6

Action                   |  1- 3 |  4- 6 |  7- 9 || total
-------------------------+-------+-------+-------++-------
Melee: Hand axe          |    80 |   134 |   145 ||   359
       Headbutt          |    12 |    28 |    32 ||    72
       Whip              |    13 |       |       ||    13
       War axe           |       |       |    49 ||    49
Throw: Dart              |     3 |     2 |     9 ||    14
Invok: Berserk           |       |     3 |     2 ||     5
       Trog's Hand       |       |     1 |     3 ||     4
Evoke: Wand              |       |     1 |       ||     1
  Use: Scroll            |     3 |     6 |     2 ||    11
       Potion            |     1 |     5 |     2 ||     8
Armor: Animal skin       |     7 |       |       ||     7
       Chain mail        |    30 |    33 |       ||    63
       Scale mail        |       |    54 |    89 ||   143
Dodge: Dodged            |    37 |    85 |   103 ||   225
Block: Buckler           |       |    10 |    14 ||    24
